 Dungeon Crawl Stone Soup version 0.28.0-53-g5a82cb258f (webtiles) character file.

Game seed: 2831091322890643558

22 crazydiamond the Shooter (level 2, 0/25 HPs)
             Began as a Minotaur Hunter on Aug 20, 2022.
             Succumbed to a goblin's poison
             ... on level 2 of the Dungeon.
             The game lasted 00:12:13 (670 turns).

crazydiamond the Shooter (Minotaur Hunter)           Turns: 670, Time: 00:12:13

Health: 0/25       AC:  6    Str: 16    XL:     2   Next: 68%
Magic:  1/1        EV:  9    Int:  8    God:
Gold:   21         SH:  0    Dex: 10    Spells: 1/1 levels left

rFire   . . .      SeeInvis .   b - +0 short sword
rCold   . . .      Faith    .   (no shield)
rNeg    . . .      Spirit   .   f - +0 scale mail
rPois   .          Reflect  .   (helmet restricted)
rElec   .          Harm     .   (no cloak)
rCorr   .          Rampage  .   (no gloves)
Will    .....                   (no boots)
Stlth   ..........              (no amulet)
HPRegen 0.08/turn               (no ring)
MPRegen 0.07/turn               (no ring)

@: lethally poisoned (0 -> -1)
A: horns 2, retaliatory headbutt
a: no special abilities


You were on level 2 of the Dungeon.
You visited 1 branch of the dungeon, and saw 2 of its levels.

You collected 21 gold pieces.

Inventory:

Hand Weapons
 a - a +1 shortbow
 b - a +0 short sword (weapon)
 e - a +0 dagger
 h - a +0 club
 l - a +0 dagger
Missiles
 d - 31 arrows
 j - 19 bolts
 k - 3 boomerangs (quivered)
 o - 43 stones
Armour
 c - a +0 leather armour
 f - a +0 scale mail (worn)
 i - a +0 ring mail
Scrolls
 g - 2 scrolls of fear {unknown}
 n - a scroll of immolation
 p - a scroll of teleportation {unknown}
Potions
 m - a potion of curing {unknown}


   Skills:
 + Level 2.5 Fighting
 + Level 0.8 Short Blades
 + Level 5.0 Bows
 + Level 0.8 Armour
 + Level 2.1 Dodging
 + Level 0.7 Stealth


You had one spell level left.
You didn't know any spells.
Your spell library contained the following spells:

 Spells                   Type           Power      Damage    Failure   Level
 Portal Projectile        Hex/Tloc       0%         N/A       99%         3
 Blade Hands              Tmut           0%         N/A       100%        5
 Excruciating Wounds      Necr           0%         N/A       100%        5


Dungeon Overview and Level Annotations

Branches:
Dungeon (2/15)

Altars:

Annotations:
D:2 Robin


Innate Abilities, Weirdness & Mutations

You have a pair of horns on your head.
You reflexively headbutt those who attack you in melee.


Message History

You are too injured to fight recklessly!
You are too injured to fight recklessly!
You are too injured to fight recklessly!
b - a +0 short sword (weapon)
You feel sick. The goblin barely misses you. You furiously retaliate!
You headbutt the goblin. The rat barely misses you.
You are too injured to fight recklessly!
You are too injured to fight recklessly!
You are too injured to fight recklessly!
You miss the goblin.
The goblin is moderately wounded.
* * * LOW HITPOINT WARNING * * *
You feel sick. The rat closely misses you. The goblin closely misses you.
You furiously retaliate!
You headbutt the goblin.
You are too injured to fight recklessly!
You are too injured to fight recklessly!
You are too injured to fight recklessly!
You hit the goblin.
You kill the goblin!
* * * LOW HITPOINT WARNING * * *
You feel sick. The rat bites you but does no damage.
The ball python bites you but does no damage.
The ball python grabs you. The ball python constricts you.
You hit the ball python.
You kill the ball python!
* * * LOW HITPOINT WARNING * * *
You feel sick. The rat bites you but does no damage.
Robin of the Strong Arm comes into view.
They are wielding a +0 spear.
The goblin unwields a +0 club.
The goblin wields a +0 hunting sling.
The goblin shoots a stone.
The stone hits you but does no damage.
You completely miss the rat.
* * * LOW HITPOINT WARNING * * *
You feel sick. The rat bites you but does no damage.
You hit the rat.
You kill the rat!
* * * LOW HITPOINT WARNING * * *
You feel sick. The goblin misses you.
You closely miss the goblin. You headbutt the goblin.
You kill the goblin!
You die...

###..#.##. #
#......##. #.
##.#....... #.
##....<.###. ..
#........... g###
#.###.#.####
.g#####.# #.#.#
#)##...†###.#.#
#@#............
.#.(.....(.....#
#.$........######
..............#
....###.#.....##
... #.##...## #.
#.###.## . ..#
#.# ### #..


You could see Robin and a goblin.

Vanquished Creatures
  2 endoplasms
  A giant cockroach (D:1)
  7 goblins
  A hobgoblin (D:1)
  A quokka (D:2)
  4 ball pythons
  2 frilled lizards (D:1)
  2 rats
20 creatures vanquished.

Notes
Turn   | Place    | Note
-------+----------+-------------------------------------------
     0 | D:1      | crazydiamond the Minotaur Hunter began the quest for the
                  | Orb.
     0 | D:1      | Reached XP level 1. HP: 18/18 MP: 0/0
   434 | D:1      | Reached XP level 2. HP: 17/25 MP: 1/1
   584 | D:2      | Reached skill level 5 in Bows
   667 | D:2      | Noticed Robin
   669 | D:2      | HP: 1/25 [poisoned by a goblin]
   670 | D:2      | Succumbed to a goblin's poison

Illustrated notes

Levels and vault maps discovered:
D:1:      dpeg_arrival_rooms_a, layout_basic, serial_shops,
          nicolae_shop_temple_entry_statues_fountains,
          nicolae_concentric_dashed_squares_mild
D:2:      layout_loops_cross, basic_ecumenical_altar, uniq_robin

Skill      XL: |  1  2 |
---------------+-------+-----
Bows           | 5 |  5.0
Fighting       | |  2.5
Short Blades   | |  0.8
Armour         | |  0.8
Dodging        | |  2.1
Stealth        | |  0.7

Action                   || total
-------------------------++-------
Melee: Short sword       ||    22
       Shortbow          ||     4
       Headbutt          ||     3
 Fire: Shortbow          ||    29
Throw: Boomerang         ||     3
  Use: Scroll            ||     1
Armor: Scale mail        ||    20
Dodge: Dodged            ||    26
